 Dungeon Crawl Stone Soup version 0.26.1-2-gb8aa6d0cf2 (console) character file.

Game seed: 467077832528078923

216917 doot the Eclecticist (level 18, -2/119 HPs)
             Began as a Demonspawn Venom Mage on Feb 8, 2021.
             Was the Champion of Kikubaaqudgha.
             Slain by a demonic crawler (7 damage)
             ... on level 4 of the Spider Nest on Feb 9, 2021.
             The game lasted 02:18:38 (58124 turns).

doot the Eclecticist (Demonspawn Venom Mage)       Turns: 58124, Time: 02:18:39

Health: -2/119     AC: 12    Str:  8 (9)  XL:     18   Next: 37%
Magic:  38/38      EV:  8    Int: 36      God:    Kikubaaqudgha [******]
Gold:   2411       SH:  0    Dex: 17 (19) Spells: 1/50 levels left

rFire    + + .     SeeInvis .   B - staff of poison
rCold    + + +     Faith    .   (no shield)
rNeg     + . .     Spirit   .   M - +0 troll leather armour
rPois    +         Reflect  +   V - +1 helmet
rElec    .         Harm     .   F - scarf {rC+ rF+}
rCorr    .         Rampage  .   o - +1 pair of gloves
Will     +....                  (boots unavailable)
Stlth    +++.......             C - amulet "Tehug" {Reflect *Contam rN+ Int+4 Dex+4 SH+5}
HPRegen  0.69/turn              I - ring "Gueciaci" {rF+ rC+ Int+3}
MPRegen  0.26/turn              A - +6 ring of intelligence

@: about to teleport, held
A: talons 3, molten scales 2, cold resistance 1, demonic guardian 1, powered by
death 2
}: 1/15 runes: barnacled
a: Renounce Religion, Receive Corpses, Torment


You were on level 4 of the Spider Nest.
You worshipped Kikubaaqudgha.
Kikubaaqudgha was exalted by your worship.
You visited 7 branches of the dungeon, and saw 34 of its levels.
You also visited: Ice Cave.

You collected 3635 gold pieces.
You spent 1224 gold pieces at shops.

Inventory:

Hand Weapons
 P - the +1 quick blade "Sufurha" {venom, *Rage rN+ MP+9}
   (You acquired it on level 14 of the Dungeon)

   It poisons the flesh of those it strikes.
   It protects you from negative energy.
   It affects your magic capacity (+9).
   It may make you go berserk in combat.
 X - the +3 quarterstaff of the Dark Horse {pain, +Blink rPois Dex+8}
   (You bought it in a shop on level 13 of the Dungeon)

   In the hands of one skilled in necromantic magic, it inflicts extra damage on
   living creatures.
   It affects your dexterity (+8).
   It protects you from poison.
   It lets you blink.
Armour
 o - a +1 pair of gloves (worn)
 F - a scarf of resistance (worn)
 M - a +0 troll leather armour (worn)
 O - a +2 pair of boots of running
 V - a +1 helmet (worn)
Magical Staves
 B - an uncursed staff of poison (weapon)
Jewellery
 j - the ring of Telab {+Inv +Fly rF+ Int-3 Stlth+}
   (You found it on level 6 of the Lair of Beasts)

   [ring of flight]

   It affects your intelligence (-3).
   It protects you from fire.
   It lets you turn invisible.
   It lets you fly.
   It makes you more stealthy.
 p - a +6 ring of dexterity
 y - a +4 ring of protection
 A - a +6 ring of intelligence (right hand)
 C - the amulet "Tehug" (around neck) {Reflect *Contam rN+ Int+4 Dex+4 SH+5}
   (You found it on level 7 of the Dungeon)

   [amulet of reflection]

   It shields you and reflects attacks.
   It affects your intelligence (+4).
   It affects your dexterity (+4).
   It protects you from negative energy.
   It causes magical contamination when unequipped.
   It affects your SH (+5).
 E - an uncursed ring of ice
 G - an uncursed amulet of regeneration
 I - the ring "Gueciaci" (left hand) {rF+ rC+ Int+3}
   (You acquired it on level 14 of the Dungeon)

   [ring of protection from cold]

   It affects your intelligence (+3).
   It protects you from fire.
   It protects you from cold.
 W - the ring of Music {Ice rN+ Will+ Int+3 Dex-2}
   (You found it in an ice cave)

   [ring of ice]

   It enhances your ice magic.
   It affects your intelligence (+3).
   It affects your dexterity (-2).
   It makes you vulnerable to fire.
   It protects you from cold.
   It protects you from negative energy.
   It affects your willpower, your defense against some magical effects.
 Y - an uncursed amulet of magic regeneration {unknown}
Wands
 x - a wand of digging (16)
 H - a wand of acid (4)
 S - a wand of iceblast (3)
Scrolls
 d - 4 scrolls of enchant weapon
 e - 5 scrolls of enchant armour
 f - 15 scrolls of teleportation
 h - a scroll of summoning {unknown}
 i - 5 scrolls of amnesia
 k - 7 scrolls of blinking
 n - 4 scrolls of immolation
 q - 2 scrolls of fog {unknown}
 s - 4 scrolls of magic mapping
 u - 10 scrolls of remove curse
 v - 5 scrolls of fear
 L - 5 scrolls of vulnerability
 R - 3 scrolls of holy word
 T - 4 scrolls of identify
 U - 3 scrolls of brand weapon
 Z - 2 scrolls of torment {unknown}
Potions
 b - 6 potions of curing
 c - 7 potions of flight
 g - a potion of ambrosia {unknown}
 l - 2 potions of magic
 m - 4 potions of lignification
 r - 3 potions of might
 t - a potion of berserk rage
 w - 4 potions of haste
 D - 3 potions of resistance
 J - 4 potions of attraction
 N - 3 potions of brilliance
 Q - 2 potions of cancellation
Miscellaneous
 a - a lightning rod (4/4)
 z - a condenser vane
 K - a lightning rod (4/4)


   Skills:
 + Level 4.3 Fighting
 + Level 1.9 Short Blades
 + Level 0.4(1.2) Polearms
 + Level 1.8(1.9) Staves
 + Level 4.8 Armour
 + Level 6.5 Dodging
 + Level 5.2 Stealth
 + Level 3.0 Shields
 + Level 16.9 Spellcasting
 + Level 5.3 Conjurations
 * Level 12.0 Necromancy
 + Level 9.0 Transmutations
 * Level 11.2 Fire Magic
 + Level 4.8 Air Magic
 + Level 15.7 Poison Magic
 + Level 1.9 Evocations


You had one spell level left.
You knew the following spells:

 Your Spells              Type           Power        Failure   Level
a - Sting                 Tmut/Pois      100%         0%          1
b - Poisonous Vapours     Pois/Air       100%         1%          2
c - Ignite Poison         Fire/Tmut/Pois 100%         1%          3
d - Mephitic Cloud        Conj/Pois/Air  95%          1%          3
e - Olgreb's Toxic Radia  Pois           100%         1%          4
f - Sticky Flame          Conj/Fire      74%          1%          4
g - Conjure Flame         Conj/Fire      74%          1%          3
h - Corpse Rot            Necr/Air       N/A          1%          2
i - Vampiric Draining     Necr           43%          1%          3
j - Dispel Undead         Necr           86%          1%          4
k - Animate Dead          Necr           43%          1%          4
l - Agony                 Necr           86%          1%          5
m - Sublimation of Blood  Necr           43%          0%          2
n - Starburst             Conj/Fire      37%          8%          6
o - Inner Flame           Hex/Fire       63%          1%          3

Your spell library contained the following spells:

 Spells                   Type           Power        Failure   Level
 Pain                     Necr           100%         0%          1
 Foxfire                  Conj/Fire      100%         1%          1
 Magic Dart               Conj           100%         1%          1
 Summon Small Mammal      Summ           100%         1%          1
 Excruciating Wounds      Necr           43%          1%          5
 Fireball                 Conj/Fire      37%          1%          5
 Death Channel            Necr           43%          1%          6
 Blink                    Tloc           N/A          2%          2
 Call Imp                 Summ           30%          2%          2
 Slow                     Hex            30%          2%          2
 Petrify                  Tmut/Erth      58%          2%          4
 Borgnjor's Vile Clutch   Necr/Erth      32%          3%          5
 Gell's Gravitas          Tloc           15%          4%          3
 Lesser Beckoning         Tloc           15%          4%          3
 Portal Projectile        Hex/Tloc       60%          4%          3
 Bolt of Magma            Conj/Fire/Erth 31%          4%          5
 Leda's Liquefaction      Hex/Erth       15%          16%         4
 Simulacrum               Ice/Necr       32%          21%         6
 Statue Form              Tmut/Erth      38%          36%         6
 Borgnjor's Revivificati  Necr           43%          58%         8
 Infestation              Necr           43%          58%         8
 Ignition                 Fire           42%          69%         8
 Haunt                    Necr/Summ      32%          75%         7
 Necromutation            Tmut/Necr      41%          80%         8
 Dispersal                Tloc           15%          94%         6
 Disjunction              Tloc           15%          100%        8
 Death's Door             Necr           43%          100%        9


Dungeon Overview and Level Annotations

Branches:
Dungeon (15/15)            Temple (1/1) D:4            Lair (6/6) D:10
 Shoals (4/4) Lair:2       Spider (4/4) Lair:2        Slime (0/5) Lair:6
    Orc (2/2) D:10            Elf (0/3) Orc:2        Vaults (2/5) D:14
 Depths (0/5) D:15          IceCv (visited)
  Crypt: Vaults:2-3

Altars:
Ashenzari
Cheibriados
Dithmenos
Elyvilon
Fedhas
Gozag
Hepliaklqana
Kikubaaqudgha
Makhleb
Nemelex Xobeh
Okawaru
Qazlal
Ru
Sif Muna
Trog
Uskayaw
Vehumet
Wu Jian
Xom
Yredelemnul
Zin
The Shining One
Beogh
Jiyva

Shops:
D:8 *   D:11 }   D:13 (   D:15 [   Orc:2 ([?}

Annotations:
D:4 IHuginn's ghost, amateur GnWn
D:7 1 runed translucent door, StoneSoupSpirit's ghost, novice DsCK
Lair:2 exclusion: oklob plant
Lair:6 2 transporters, rnawigator's ghost, journeyman MfIE
Shoals:4 3 runed translucent doors, 15bullets's ghost, adept FoFi; Polyphemus


Innate Abilities, Weirdness & Mutations

You have claws for feet.
You are mostly covered in molten scales. (AC +3)
Your flesh is cold resistant. (rC+)
A weak demonic guardian rushes to your aid.
You regenerate health from kills.


Message History

* * * LOW HITPOINT WARNING * * *
The jumping spider pounces on you!
* * * LOW HITPOINT WARNING * * *
The jumping spider barely misses you.
Unknown command.
You feel better. The jumping spider misses your quasit.
The jumping spider bites your quasit. The demonic crawler barely misses you.
The demonic crawler hits you.
* * * LOW HITPOINT WARNING * * *
The demonic crawler barely misses you. The jumping spider pounces on you!
* * * LOW HITPOINT WARNING * * *
The jumping spider bites you but does no damage.
Your quasit barely misses the jumping spider.
Your quasit misses the jumping spider.
Your quasit closely misses the jumping spider.
The jumping spider pounces on your quasit.
The jumping spider bites your quasit.
The demonic crawler hits you but does no damage.
The demonic crawler completely misses you.
The demonic crawler hits you!
You die...
Kikubaaqudgha rasps: "You have failed me!
Welcome... death!"

. .. ^..
#..^
.....##
#^.....##
#...s@#
#..$...s#
####..5..^
^...s...#
.......###
:^##..####
. #.# ##


You could see a demonic crawler, 2 jumping spiders and a friendly quasit
(summoned).

Vanquished Creatures
  Jory (Vaults:2)
  Arachne (Spider:2)
  An Ice Fiend (IceCv)
  Jorgrun (Spider:1)
  A kraken (Shoals:1)
  A fire giant (D:15)
  An emperor scorpion (Spider:1)
  Louise (Shoals:1)
  A ghost moth (Spider:3)
  An ironheart preserver (Vaults:2)
  A stone giant (Vaults:1)
  2 entropy weavers (Spider:3)
  2 merfolk javelineers (Shoals:4)
  2 yaktaur captains (Vaults:1)
  5 merfolk impalers
  Erolcha (Orc:1)
  Fannar (Orc:1)
  Harold (D:7)
  6 hydras
  A vault guard (Vaults:1)
  2 rakshasas
  2 boulder beetles
  6 ogre magi
  2 catoblepae (Lair:6)
  22 two-headed ogres
  3 merfolk aquamancers (Shoals:4)
  2 merfolk avatars
  2 alligator snapping turtles (Shoals:4)
  2 dancing weapons (D:14)
  A centaur warrior (Vaults:1)
  12 death yaks
  Nergalle (D:11)
  Sonja (Orc:1)
  2 deep elf knights (Vaults:1)
  3 wizards
  8 sea snakes
  3 unseen horrors
  A death drake (Lair:6)
  2 deep elf archers
  2 lindwurms (Lair:6)
  26 harpies
  5 ironbrand convokers (Vaults:1)
  9 orc sorcerers (Orc:2)
  3 deep elf magi
  10 manticores
  7 orc knights
  7 orb spiders
  4 cyclopes
  20 ugly things
  15 fauns
  16 wolf spiders
  2 moths of wrath
  6 merfolk sirens
  2 ice statues
  20 elephants
  3 torpor snails
  3 water nymphs
  2 vault sentinels (Vaults:1)
  A torpor snail (shapeshifter) (D:14)
  8 black mambas
  A gargoyle (D:14)
  12 cane toads
  7 rime drakes
  7 ice devils (IceCv)
  A freezing wraith (IceCv)
  4 yaktaurs
  9 komodo dragons
  5 anaconda simulacra (IceCv)
  5 demonic crawlers
  A golden dragon simulacrum (IceCv)
  22 jumping spiders
  21 merfolk
  A polar bear (Lair:4)
  6 hornets
  2 trolls
  7 slime creatures
  A wind drake (shapeshifter) (D:15)
  A wind drake (Shoals:4)
  16 blink frogs
  A wolf spider simulacrum (IceCv)
  3 dream sheep (Shoals:4)
  9 snapping turtles
  2 shadows (D:13)
  6 water elementals
  57 redbacks
  38 yaks
  3 vampires
  20 wyverns
  3 dire elephant simulacra (IceCv)
  16 tarantellas
  7 wraiths
  A basilisk (shapeshifter) (D:14)
  4 basilisks
  A death yak simulacrum (IceCv)
  15 vampire mosquitoes
  2 harpy simulacra (IceCv)
  13 water moccasins
  5 wargs
  An acid dragon (Vaults:1)
  7 hydra simulacra (IceCv)
  26 orc warriors
  5 ice beasts
  6 sky beasts
  2 black bears
  7 phantoms
  3 necrophages
  23 ogres
  3 boggarts (D:15)
  29 wolves
  10 centaurs
  18 bullfrogs
  2 big kobolds
  2 gnoll sergeants
  A wyvern zombie (D:12)
  4 wights (D:12)
  2 elephant simulacra (IceCv)
  17 killer bees
  7 electric eels
  2 vampire bats (Lair:4)
  2 howler monkeys
  2 bullfrog zombies (D:12)
  4 draconian simulacra (IceCv)
  4 hounds
  2 bullfrog skeletons
  5 centaur skeletons
  27 orc priests
  3 jellies (D:5)
  2 iguanas
  38 orc wizards
  15 hell rats
  10 worker ants
  4 troll simulacra (IceCv)
  A bullfrog simulacrum (D:12)
  A hound zombie (D:6)
  2 mummies (D:12)
  A howler monkey zombie (D:11)
  A worker ant zombie (D:4)
  8 gnolls
  6 adders
  5 naga simulacra (IceCv)
  4 ogre simulacra (IceCv)
  9 river rats (Lair:1)
  2 shadow imps
  4 white imps (IceCv)
  5 ufetubi (IceCv)
  2 oozes
  3 adder zombies
  An adder skeleton (D:4)
  6 worms
  2 dart slugs
  5 leopard geckos
  110 orcs
  13 bats
  5 giant cockroaches
  7 goblins
  6 hobgoblins
  10 jackals
  20 kobolds
  8 quokkas
  A ball python (D:6)
  4 frilled lizards
  A jackal zombie (D:5)
  A leopard gecko skeleton (D:6)
  22 rats
  2 tentacles (Shoals:1)
1188 creatures vanquished.

Vanquished Creatures (collateral kills)
  Josephine (Orc:1)
  A two-headed ogre (D:9)
  A sea snake (Shoals:4)
  A wolf spider (Lair:6)
  2 elephants (Lair:5)
  2 black mambas (Lair:6)
  A cane toad (Lair:6)
  A komodo dragon (Lair:6)
  3 demonic crawlers
  An efreet (D:15)
  An anaconda simulacrum (IceCv)
  2 blink frogs
  A dream sheep (Shoals:4)
  3 redbacks (Spider:2)
  3 yaks (Lair:3)
  2 tarantellas (Spider:2)
  2 water moccasins (Lair:6)
  An orc warrior (Orc:1)
  2 wolves (Lair:5)
  A centaur (D:7)
  A big kobold (D:14)
  A quasit (D:4)
  A worker ant (D:7)
  A white imp (D:7)
  An orc (D:7)
  A giant cockroach (D:7)
  A quokka (D:7)
  A rat (Lair:1)
40 creatures vanquished.

Vanquished Creatures (others)
  An orc wizard (Orc:2)
  25 fungi
  154 plants
  3 tentacles (Shoals:1)
  10 withered plants (D:12)
193 creatures vanquished.

Grand Total: 1421 creatures vanquished

Notes
Turn   | Place    | Note
-------+----------+-------------------------------------------
     0 | D:1      | doot the Demonspawn Venom Mage began the quest for the Orb.
     0 | D:1      | Reached XP level 1. HP: 13/13 MP: 3/3
   276 | D:1      | Gained mutation: You are partially covered in molten
                  | scales. (AC +2) [demonic ancestry]
   276 | D:1      | Reached XP level 2. HP: 7/19 MP: 1/5
   626 | D:1      | Reached skill level 1 in Transmutations
   638 | D:1      | Learned a level 2 spell: Poisonous Vapours
  1647 | D:2      | Reached XP level 3. HP: 24/24 MP: 3/6
  2605 | D:2      | Learned a level 3 spell: Ignite Poison
  2675 | D:2      | Found a stormy altar of Qazlal.
  2677 | D:2      | Found an iron altar of Okawaru.
  2678 | D:2      | Found a basalt altar of Yredelemnul.
  2680 | D:2      | Found an ornate altar of the Wu Jian Council.
  3001 | D:3      | Gained mutation: You are mostly covered in molten scales.
                  | (AC +3) [demonic ancestry]
  3001 | D:3      | Reached XP level 4. HP: 30/30 MP: 1/8
  4716 | D:4      | Gained mutation: You have sharp toenails. [demonic
                  | ancestry]
  4716 | D:4      | Reached XP level 5. HP: 18/35 MP: 2/9
  5013 | D:4      | Learned a level 3 spell: Mephitic Cloud
  5090 | D:4      | Found a staircase to the Ecumenical Temple.
  5122 | D:4      | Reached skill level 3 in Spellcasting
  5330 | D:4      | Found a transporter.
  5331 | D:4      | Noticed IHuginn's ghost (amateur GnWn)
  5373 | D:5      | Entered Level 5 of the Dungeon
  5540 | D:5      | Found a shadowy altar of Dithmenos.
  5687 | D:4      | Reached XP level 6. HP: 37/41 MP: 3/11
  5738 | D:5      | Found a sacrificial altar of Ru.
  5778 | D:5      | Reached skill level 1 in Fire Magic
  6093 | D:4      | Reached XP level 7. HP: 29/47 MP: 0/12
  6213 | D:4      | Learned a level 4 spell: Olgreb's Toxic Radiance
  6521 | D:6      | Reached skill level 4 in Spellcasting
  6521 | D:6      | Reached skill level 5 in Poison Magic
  6796 | D:6      | Found an opulent altar of Gozag.
  6939 | D:6      | Reached skill level 1 in Fighting
  7383 | D:5      | Gained mutation: A weak demonic guardian rushes to your
                  | aid. [demonic ancestry]
  7383 | D:5      | Reached XP level 8. HP: 9/54 MP: 3/15
  8287 | D:4      | Reached skill level 5 in Spellcasting
  8290 | D:4      | Found a transporter.
  8691 | D:4      | Found a shimmering altar of Xom.
  9193 | D:4      | You fall into a shaft and drop 3 floors!
  9351 | D:7      | Noticed Harold
  9360 | D:7      | Killed Harold
  9361 | D:7      | Reached skill level 6 in Spellcasting
  9361 | D:7      | Gained mutation: You have razor-sharp toenails. [demonic
                  | ancestry]
  9361 | D:7      | Reached XP level 9. HP: 61/61 MP: 2/18
  9457 | D:7      | Reached skill level 1 in Armour
  9980 | D:6      | Found a shimmering blue altar of Sif Muna.
  9982 | D:6      | Found a white marble altar of Elyvilon.
 10316 | D:7      | Got a steaming diamond amulet
 10627 | D:7      | Found a runed translucent door.
 10627 | D:7      | Noticed StoneSoupSpirit's ghost (novice DsCK)
 10757 | D:7      | Identified the amulet "Tehug" {Reflect *Contam rN+ Int+4
                  | Dex+4 SH+5} (You found it on level 7 of the Dungeon)
 11418 | Temple   | Entered the Ecumenical Temple
 11648 | Temple   | Became a worshipper of Kikubaaqudgha
 11824 | D:8      | Reached skill level 7 in Spellcasting
 11927 | D:8      | Reached skill level 1 in Air Magic
 12112 | D:8      | Found Ushi's Assorted Antiques.
 12123 | D:8      | Bought a thick smoking staff for 348 gold pieces
 12800 | D:9      | Noticed a two-headed ogre
 12811 | D:9      | Killed a two-headed ogre
 12812 | D:9      | Reached skill level 5 in Transmutations
 12812 | D:9      | Gained mutation: You regenerate a little health from kills.
                  | [demonic ancestry]
 12812 | D:9      | Reached XP level 10. HP: 67/67 MP: 7/21
 12813 | D:9      | Noticed a two-headed ogre
 12840 | D:9      | Killed a two-headed ogre
 12841 | D:9      | Reached skill level 8 in Spellcasting
 12841 | D:9      | Reached skill level 1 in Conjurations
 13457 | D:9      | Learned a level 4 spell: Sticky Flame
 13722 | D:10     | Entered Level 10 of the Dungeon
 13722 | D:10     | Noticed a two-headed ogre
 13729 | D:9      | Learned a level 3 spell: Conjure Flame
 13734 | D:10     | Killed a two-headed ogre
 13735 | D:10     | Reached skill level 1 in Staves
 13815 | D:10     | Reached * piety under Kikubaaqudgha
 13815 | D:10     | Identified Kikubaaqudgha's Reference Book on Dark Rituals
                  | (Kikubaaqudgha gifted it to you on level 10 of the Dungeon)
 13815 | D:10     | Received a gift from Kikubaaqudgha
 13991 | D:10     | Found a staircase to the Orcish Mines.
 14435 | D:10     | Learned a level 2 spell: Corpse Rot
 14518 | D:10     | Found a staircase to the Lair.
 14548 | D:10     | Reached XP level 11. HP: 73/73 MP: 11/23
 14972 | Orc:1    | Entered Level 1 of the Orcish Mines
 14972 | Orc:1    | Noticed Sonja
 14974 | Orc:1    | Killed Sonja
 14975 | Orc:1    | Reached skill level 9 in Spellcasting
 14989 | Orc:1    | Reached ** piety under Kikubaaqudgha
 15201 | Orc:1    | Found a roughly hewn altar of Beogh.
 15248 | Orc:1    | Noticed Erolcha
 15254 | Orc:1    | Killed Erolcha
 15255 | Orc:1    | Reached skill level 1 in Shields
 15259 | Orc:1    | Noticed Fannar
 15331 | Orc:1    | Killed Fannar
 15866 | Orc:1    | Noticed an orc knight
 15879 | Orc:1    | Killed an orc knight
 16042 | Lair:1   | Entered Level 1 of the Lair of Beasts
 16359 | Lair:1   | Learned a level 3 spell: Vampiric Draining
 16423 | Lair:1   | Reached skill level 10 in Spellcasting
 16423 | Lair:1   | Reached skill level 10 in Poison Magic
 16664 | Lair:1   | Reached *** piety under Kikubaaqudgha
 16664 | Lair:1   | Identified Kikubaaqudgha's Almanac of Stolen Souls
                  | (Kikubaaqudgha gifted it to you on level 1 of the Lair of
                  | Beasts)
 16664 | Lair:1   | Received a gift from Kikubaaqudgha
 16682 | Lair:1   | Reached skill level 5 in Fire Magic
 16696 | Lair:1   | Learned a level 4 spell: Dispel Undead
 17119 | Lair:1   | Reached XP level 12. HP: 80/80 MP: 16/26
 17582 | Lair:1   | Reached **** piety under Kikubaaqudgha
 17690 | Lair:1   | Reached skill level 1 in Short Blades
 17779 | Lair:2   | Reached skill level 1 in Necromancy
 18160 | Lair:2   | Reached skill level 11 in Spellcasting
 18764 | Lair:2   | Found a staircase to the Shoals.
 18824 | Lair:2   | Found a hole to the Spider Nest.
 19345 | Lair:3   | Learned a level 4 spell: Animate Dead
 19623 | Lair:3   | Noticed a six-headed hydra
 19676 | Lair:3   | Killed a six-headed hydra
 20427 | Lair:3   | Noticed a boulder beetle
 20499 | Lair:4   | Reached skill level 5 in Dodging
 20602 | Lair:4   | You fall into a shaft and drop 1 floor!
 20613 | Lair:5   | Reached XP level 13. HP: 79/86 MP: 19/28
 20703 | Lair:4   | Reached skill level 12 in Spellcasting
 20705 | Lair:4   | Reached ***** piety under Kikubaaqudgha
 24218 | Lair:6   | Entered Level 6 of the Lair of Beasts
 24222 | Lair:6   | Reached skill level 13 in Spellcasting
 24225 | Lair:6   | Gained mutation: You regenerate health from kills. [demonic
                  | ancestry]
 24225 | Lair:6   | Reached XP level 14. HP: 93/93 MP: 13/31
 24392 | Lair:6   | Learned a level 5 spell: Agony
 24661 | Lair:6   | Found a transporter.
 24994 | Lair:6   | Noticed rnawigator's ghost (journeyman MfIE)
 25017 | Lair:6   | Found a transporter.
 25071 | Lair:6   | Found a staircase to the Slime Pits.
 25072 | Lair:6   | Found a viscous altar of Jiyva.
 25079 | Lair:6   | Found a shimmering altar of Xom.
 26998 | Lair:6   | Reached skill level 1 in Evocations
 27119 | Lair:6   | Reached skill level 5 in Stealth
 27247 | Lair:6   | Reached ****** piety under Kikubaaqudgha
 27258 | Lair:6   | Received a gift from Kikubaaqudgha
 27552 | Lair:6   | Got a heavily runed copper ring
 28460 | D:11     | Found a snail-covered altar of Cheibriados.
 28525 | D:11     | Noticed Nergalle
 28529 | D:11     | Killed Nergalle
 28593 | D:11     | Found a blossoming altar of Fedhas.
 28682 | D:11     | Found Ixo Ryli's Gadget Shoppe.
 28871 | D:11     | Identified the ring of Telab {+Inv +Fly rF+ Int-3 Stlth+}
                  | (You found it on level 6 of the Lair of Beasts)
 29518 | D:12     | Got a transparent halberd
 29537 | D:12     | Identified the +5 halberd "Gois" {pain, Stlth+} (You found
                  | it on level 12 of the Dungeon)
 29772 | D:12     | Reached skill level 5 in Necromancy
 30396 | D:12     | Reached skill level 14 in Spellcasting
 31232 | D:12     | Identified Iblog's Guide on the Scorching Traveller
 31844 | D:13     | Reached XP level 15. HP: 98/98 MP: 20/33
 32068 | D:13     | Identified 3 scrolls of acquirement
 32353 | D:13     | Found Ycverekk's Weapon Shoppe.
 32367 | D:13     | Bought the cursed +3 quarterstaff of the Dark Horse {pain,
                  | +Blink rPois Dex+8} for 798 gold pieces
 32512 | Spider:1 | Entered Level 1 of the Spider Nest
 32712 | Spider:1 | Found a frozen archway.
 32774 | IceCv    | Entered an ice cave
 35723 | IceCv    | Noticed an Ice Fiend
 36176 | IceCv    | Killed an Ice Fiend
 36231 | IceCv    | Got a clouded silver ring
 36261 | IceCv    | Identified a +2 pair of boots of running (You found it in
                  | an ice cave)
 36275 | IceCv    | Identified the ring of Music {Ice rN+ Will+ Int+3 Dex-2}
                  | (You found it in an ice cave)
 36580 | Spider:1 | Noticed Jorgrun
 36590 | Spider:1 | Killed Jorgrun
 39385 | Spider:2 | Noticed Arachne
 39408 | Spider:2 | Killed Arachne
 39977 | Spider:3 | Reached skill level 15 in Spellcasting
 40629 | Spider:3 | Reached XP level 16. HP: 92/106 MP: 30/35
 41553 | Spider:4 | Entered Level 4 of the Spider Nest
 41862 | Lair:2   | Upgraded the game from 0.26.0-10-g1f06aea511 to
                  | 0.26.1-2-gb8aa6d0cf2
 42128 | Orc:1    | Noticed Josephine
 42133 | Orc:1    | Killed Josephine
 42284 | Orc:2    | Entered Level 2 of the Orcish Mines
 42411 | Orc:2    | Learned a level 2 spell: Sublimation of Blood
 42587 | Orc:2    | Found a staircase to the Elven Halls.
 43038 | Orc:2    | Found Neppeece's Antique Weapon Shop.
 43066 | Orc:2    | Found an ancient bone altar of Kikubaaqudgha.
 43087 | Orc:2    | Found Nualib's Antique Armour Boutique.
 43201 | Orc:2    | Found Soff's Magic Scroll Boutique.
 43201 | Orc:2    | Found a roughly hewn altar of Beogh.
 43209 | Orc:2    | Found a radiant altar of Vehumet.
 43264 | Orc:2    | Found Etadgha's Gadget Shop.
 43266 | Orc:2    | Bought a scroll of teleportation for 39 gold pieces
 43266 | Orc:2    | Bought a scroll of teleportation for 39 gold pieces
 43547 | Shoals:1 | Entered Level 1 of the Shoals
 43853 | Shoals:1 | You fall into a shaft and drop 1 floor!
 44487 | Shoals:2 | Learned a level 6 spell: Starburst
 44663 | Shoals:1 | Noticed Louise
 44677 | Shoals:1 | Killed Louise
 44819 | Shoals:1 | Found a hide-covered altar of Uskayaw.
 44948 | Shoals:1 | Noticed a kraken
 45130 | Shoals:1 | Killed a kraken
 45857 | Shoals:2 | Reached skill level 10 in Necromancy
 47334 | Shoals:3 | Gained mutation: You have claws for feet. [demonic
                  | ancestry]
 47334 | Shoals:3 | Reached XP level 17. HP: 103/112 MP: 30/36
 47590 | Shoals:4 | Entered Level 4 of the Shoals
 48266 | Shoals:4 | Reached skill level 10 in Fire Magic
 48376 | Shoals:4 | Noticed Polyphemus
 49005 | Shoals:4 | Reached skill level 16 in Spellcasting
 49722 | Shoals:4 | Reached skill level 15 in Poison Magic
 49979 | Shoals:4 | Got a barnacled rune of Zot
 50131 | Shoals:4 | Found a runed translucent gate.
 50131 | Shoals:4 | Found a runed translucent gate.
 50131 | Shoals:4 | Found a runed translucent gate.
 50132 | Shoals:4 | Noticed 15bullets's ghost (adept FoFi)
 50987 | D:14     | Found a gate to the Vaults.
 51024 | D:14     | Acquired the Volume of Calling and the Mountains
 51028 | D:14     | Acquired the +1 quick blade "Sufurha" {venom, *Rage rN+
                  | MP+9}
 51030 | D:14     | Acquired the ring "Gueciaci" {rF+ rC+ Int+3}
 51072 | Vaults:1 | Entered Level 1 of the Vaults
 53258 | Vaults:1 | Reached skill level 5 in Conjurations
 53467 | Vaults:1 | Learned a level 3 spell: Inner Flame
 54782 | Vaults:1 | Gained mutation: Your flesh is cold resistant. (rC+)
                  | [demonic ancestry]
 54782 | Vaults:1 | Reached XP level 18. HP: 104/119 MP: 37/38
 55553 | Vaults:2 | Noticed Jory
 55564 | Vaults:2 | Killed Jory
 55953 | D:15     | Entered Level 15 of the Dungeon
 56180 | D:15     | Found a staircase to the Depths.
 56601 | D:15     | Found Vothryo's Armour Shop.
 58124 | Spider:4 | HP: 5/119 [jumping spider (15)]
 58124 | Spider:4 | Slain by a demonic crawler

Illustrated notes

Levels and vault maps discovered:
D:1:      dpeg_arrival_pits, layout_basic
D:2:      layout_loops_corners, minitemple
D:3:      layout_loops_cross, wad_floor_pattern_1, hangedman_decor_riveting,
          amethyst_killhole
D:4:      layout_loops_corners, lemuel_crystal_altar,
          minmay_temple_entry_sparse_star, gammafunk_ghost_stat_death,
          serial_forest, infiniplex_forest_side_room,
          infiniplex_forest_fountain, infiniplex_forest_fountain,
          infiniplex_forest_clump_medium, infiniplex_forest_lined_2,
          infiniplex_forest_lined_corner
D:5:      layout_cave_pools, nicolae_dithmenos_the_darkroom,
          nicolae_ru_path_of_blood
D:6:      layout_loops_cross, lemuel_doored_altar,
          chequers_temple_overflow_statue_of_worship, minmay_liquid_box
D:7:      layout_basic, gammafunk_ghost_grave, uniq_harold
D:8:      layout_basic, serial_shops, shop
D:9:      layout_long_grid
D:10:     layout_gridville, david_lair_shrubbed, david_orc_1_choice,
          kennysheep_generic_room_11
D:11:     layout_roguey [special_room_orc], serial_shops, shop, basic_altar,
          cheibriados_altar_1, uniq_nergalle
D:12:     cheibrodos_ideogram_h, layout_loops_cross, serial_undead,
          serial_undead_b, serial_undead_a, serial_undead_b, serial_undead_a,
          serial_undead_c, serial_undead_c, serial_bayou_pond_c, drop_trap,
          serial_park_tiny_1
D:13:     layout_roguey, serial_shops, shop
D:14:     layout_small_grid, erik_vaults_1, minmay_staircase_windowed_large,
          grunt_decor_resistance, amcnicky_mini_rare_corridor_liquid
D:15:     grunt_enter_depths_giant_problem, layout_irregular_city, serial_shops,
          shop, minmay_door_square, minmay_misc_feat_more_columns
Temple:   oiseaux_autumnal_temple
Lair:1:   lemuel_ratsnest, layout_long_grid, grunt_megastairs_1,
          lemuel_fruit_fields
Lair:2:   layout_gridlike, minmay_shoals_entry_lonely_mermaid,
          spider_nest_entry_a, serial_bayou_shore_b, minmay_lair_oklob_chamber,
          infiniplex_staircase_pool
Lair:3:   layout_cave_pods, minmay_holes
Lair:4:   layout_cave_pods, roderic_batcave
Lair:5:   beast_lair_carwin_large_4, layout_cave_pods, serial_bayou_lake_a,
          lemuel_fruit_fields
Lair:6:   hangedman_lair_tendril_chambers, layout_regular_city,
          hangedman_lair_in_review, slime_altar_1, basic_altar,
          gammafunk_ghost_berserking_beasts
Shoals:1: layout_shoals, lemuel_centaur_altar, uniq_louise
Shoals:2: layout_shoals
Shoals:3: layout_shoals, nicolae_shoals_square_sea_wall
Shoals:4: shoals_end_hangedman, layout_shoals, ebering_ghost_rock_garden,
          uniq_polyphemus
Spider:1: layout_chambers, portal_ice_cave_entry_ice_statue_one, uniq_jorgrun
Spider:2: layout_chambers, nicolae_spider_cling_ruins, uniq_arachne
Spider:3: layout_spider_delve, hangedman_spider_tarantella_strand
Spider:4: spider_rune_water
Orc:1:    layout_caves, basic_altar, uniq_josephine, uniq_sonja, uniq_fannar,
          uniq_erolcha
Orc:2:    kennysheep_orc_mage_school, layout_caves, minmay_orc_keep
Vaults:1: nicolae_vaults_lopsided_apartments, ontoclasm_vaults_pinch, v_misc_18,
          hangedman_vaults_cutoff, hangedman_vaults_corner_blocks,
          hangedman_vaults_cutoff, nicolae_vaults_twisting_passages,
          nicolae_vaults_what_the_h, vaults_dpeg_cross, ontoclasm_vaults_hangar,
          dpeg_vaults_monster_box, layout_vaults_maze_bifur
Vaults:2: vaults_dpeg_doors, vaults_room_semicircle,
          nicolae_vaults_holding_cells, nicolae_vaults_border_crossing,
          vaults_room_door_hall, nicolae_vaults_shelves_hall,
          vaults_room_ringed_pool, minmay_crypt_entry_necro_gods,
          ontoclasm_vaults_bender, hangedman_vaults_capsules, v_pattern_5,
          nicolae_vaults_big_angled_halls, nicolae_vaults_alarming,
          vaults_dpeg_spiral, nicolae_vaults_shelves_hall,
          vaults_room_stairs_pillars, layout_vaults_omnibox, serial_shops,
          nicolae_shop_window_shopping, uniq_jory

Skill      XL: |  1  2  3  4  5  6  7  8  9 10 11 12 13 14 15 16 17 18 |
---------------+-------------------------------------------------------+-----
Stealth        | 2 3 4 5 |  5.2
Transmutations | 1 2 3 4 5 6 7 8 9 |  9.0
Dodging        | 2 3 4 5 6 |  6.5
Spellcasting   | 3 4 6 7 8 10 11 13 14 15 16 | 16.9
Poison Magic   | 4 5 7 8 9 10 11 12 13 14 15 | 15.7
Fire Magic     | 1 2 3 4 5 6 7 8 9 10 11 | 11.2
Fighting       | 1 2 3 4 |  4.3
Armour         | 2 3 4 |  4.8
Air Magic      | 1 2 3 4 |  4.8
Conjurations   | 1 2 3 4 5 |  5.3
Staves         | 1 |  1.8
Shields        | 1 2 3 |  3.0
Short Blades   | 1 |  1.9
Necromancy     | 2 4 6 8 10 11 12 | 12.0
Evocations     | 1 |  1.9
Polearms       | |  0.4

Action                   |  1- 3 |  4- 6 |  7- 9 | 10-12 | 13-15 | 16-18 || total
-------------------------+-------+-------+-------+-------+-------+-------++-------
Melee: Unarmed           |     1 |       |       |       |       |       ||     1
       Dagger            |     1 |    33 |    63 |    59 |     1 |       ||   157
       Kick              |       |     9 |    27 |    42 |    14 |    16 ||   108
       Staff             |       |       |    15 |    46 |    25 |    23 ||   109
       Halberd           |       |       |       |       |    14 |       ||    14
       Quarterstaff      |       |       |       |       |    14 |     9 ||    23
       Quick blade       |       |       |       |       |       |    31 ||    31
 Cast: Sting             |    71 |    72 |    48 |     2 |     7 |     6 ||   206
       Ignite Poison     |     2 |    11 |    43 |    74 |   163 |   229 ||   522
       Poisonous Vapours |     2 |     6 |    10 |    13 |    62 |    49 ||   142
       Mephitic Cloud    |       |       |    13 |    15 |    33 |    38 ||    99
       Olgreb's Toxic Ra |       |       |    25 |    75 |   151 |   196 ||   447
       Sticky Flame      |       |       |       |    10 |    88 |    53 ||   151
       Corpse Rot        |       |       |       |     5 |       |       ||     5
       Animate Dead      |       |       |       |     5 |    34 |    12 ||    51
       Dispel Undead     |       |       |       |       |    85 |    25 ||   110
       Agony             |       |       |       |       |    23 |     8 ||    31
       Starburst         |       |       |       |       |       |    54 ||    54
       Sublimation of Bl |       |       |       |       |       |     5 ||     5
       Inner Flame       |       |       |       |       |       |     5 ||     5
       Vampiric Draining |       |       |       |       |       |     1 ||     1
Invok: Torment           |       |       |       |       |     1 |       ||     1
       Receive Necronomi |       |       |       |       |     1 |       ||     1
 Abil: Evoke Blink       |       |       |       |       |     3 |       ||     3
Evoke: Wand              |       |       |     1 |     5 |    15 |    11 ||    32
       Lightning rod     |       |       |       |       |     6 |     6 ||    12
  Use: Scroll            |       |       |     2 |     2 |    21 |     8 ||    33
       Potion            |       |       |       |       |    15 |     3 ||    18
 Stab: Sleeping          |       |     1 |       |     4 |     3 |     1 ||     9
       Distracted        |       |       |       |       |     2 |       ||     2
Armor: Robe              |     7 |    16 |    53 |       |    40 |       ||   116
       Leather armour    |       |       |    16 |    16 |       |       ||    32
       Troll leather arm |       |       |       |    24 |   225 |   180 ||   429
Dodge: Dodged            |    18 |    48 |   168 |   128 |   418 |   368 ||  1148
Block: Other             |       |       |    11 |    34 |   121 |   107 ||   273
       Reflection        |       |       |       |     4 |     1 |    12 ||    17
